Map: [ESL] Oceanborn

Players

MaxPax

  • Race: Protoss Protoss
  • Spawn Location: 5:00

Clem - Winner!

  • Race: Terran Terran
  • Spawn Location: 11:00

Event: ESL SC2 Masters 2023 Winter (Regional)

VOD

Have the link to the VOD?

Description

Time

  • Played on: Nov. 18, 2023, 8:17 a.m.
  • Length: 10:10

All games in this series

Show
View Real Time Build Order
Export as new Build Order

MaxPax Protoss 

Build Orders: 1 Gate Expand, Blink Stalkers 

Get SALT Encoding   

  12  0:00  Probe  
  13  0:13  Probe  
  14  0:17  Pylon  
  14  0:25  Probe  
  15  0:35  Gateway  
  15  0:39  Probe (Chrono Boost)  
  17  0:50  Assimilator, Probe (Chrono Boost)  
  17  0:54  Probe (Chrono Boost)  
  18  1:06  Probe  
  19  1:18  Probe  
  20  1:23  Cybernetics Core  
  20  1:34  Nexus  
  20  1:41  Pylon  
  20  1:46  Probe  
  21  1:51  Assimilator  
  21  1:56  Adept (Chrono Boost)  
  21  1:58  Probe  
  24  2:01  Warp Gate  
  24  2:10  Probe  
  25  2:16  Adept (Chrono Boost)  
  25  2:22  Probe  
  28  2:31  Twilight Council  
  28  2:34  Probe  
  29  2:40  Stalker  
  31  2:46  Probe (Chrono Boost)  
  33  2:52  Probe (Chrono Boost)  
  33  2:56  Probe (Chrono Boost)  
  34  2:59  Gateway  
  34  3:00  Probe (Chrono Boost)  
  34  3:01  Probe (Chrono Boost)  
  36  3:08  Blink (Chrono Boost)  
  36  3:10  Probe  
  37  3:13  Probe  
  38  3:22  Probe  
  38  3:26  Probe  
  40  3:27  Robotics Facility  
  40  3:35  Probe  
  40  3:36  Gateway  
  40  3:38  Probe  
  40  3:41  Pylon  
  42  3:50  Probe  
  42  3:52  Probe  
  40  3:59  Stalker x2  
  40  4:02  Probe  
  43  4:06  Probe  
  42  4:11  Warp Prism (Chrono Boost)  
  42  4:14  Probe  
  45  4:18  Probe  
  46  4:24  Pylon  
  46  4:26  Probe  
  46  4:30  Probe  
  48  4:33  Stalker x2  
  48  4:37  Stalker  
  54  4:42  Probe x2  
  56  4:47  Assimilator  
  56  5:08  Stalker x3  
  56  5:10  Pylon  
  56  5:25  Pylon, Probe  
  56  5:26  Nexus  
  56  5:32  Stalker x3  
  56  5:33  Probe  
  62  5:37  Probe  
  63  5:45  Probe  
  59  5:52  Observer, Probe  
  59  5:56  Stalker, Pylon  
  59  5:57  Stalker x2  
  65  6:08  Probe x2  
  67  6:14  Pylon  
  67  6:19  Shield Battery, Stalker  
  67  6:20  Stalker x2  
  67  6:21  Probe  
  74  6:26  Probe  
  73  6:36  Probe (Chrono Boost)  
  63  6:42  Probe x2 (Chrono Boost)  
  65  6:47  Forge  
  65  6:48  Probe (Chrono Boost)  
  65  6:49  Shield Battery  
  65  6:51  Charge  
  65  6:52  Stalker, Probe x2 (Chrono Boost)  
  65  6:54  Probe (Chrono Boost)  
  68  7:05  Probe (Chrono Boost)  
  68  7:06  Probe (Chrono Boost)  
  67  7:09  Probe (Chrono Boost)  
  67  7:13  Gateway  
  67  7:15  Gateway  
  68  7:16  Gateway  
  68  7:17  Probe (Chrono Boost)  
  68  7:18  Observer (Chrono Boost), Probe (Chrono Boost)  
  68  7:19  Protoss Ground Weapons Level 1  
  68  7:21  Probe (Chrono Boost)  
  72  7:25  Probe x2 (Chrono Boost)  
  72  7:26  Probe (Chrono Boost)  
  72  7:28  Sentry x2  
  79  7:31  Probe  
  79  7:33  Probe  
  79  7:36  Probe  
  82  7:43  Immortal (Chrono Boost)  
  86  7:48  Gateway  
  86  7:49  Gateway  
  84  7:53  Stalker x3  
  84  7:58  Shield Battery, Probe  
  90  7:59  Probe  
  81  8:10  Zealot x2  
  77  8:14  Stalker  
  77  8:15  Immortal (Chrono Boost)  
  81  8:21  Zealot x3  
  85  8:32  Stalker  
  85  8:33  Stalker  
  85  8:38  Zealot  
  77  8:41  Zealot x3  
  77  8:46  Zealot x2, Warp Prism (Chrono Boost)  
  82  8:56  Probe  
  75  9:03  Zealot x6  
  87  9:10  Stalker x2  
  87  9:15  Observer  
  71  9:25  Zealot, Stalker x4  
  77  9:37  Zealot x3  
  77  9:53  Stalker x2  
  77  9:55  Probe x2  
  77  9:57  Zealot x4  
Show
View Real Time Build Order
Export as new Build Order

Clem Terran - Winner!

Build Orders:  

Get SALT Encoding   

  12  0:00  SCV  
  13  0:13  SCV  
  14  0:17  Supply Depot  
  14  0:25  SCV  
  15  0:38  SCV  
  15  0:39  Barracks  
  16  0:43  Refinery  
  16  0:50  SCV  
  17  1:03  SCV  
  18  1:15  SCV  
  19  1:26  Marine  
  19  1:27  Orbital Command  
  20  1:44  Command Center  
  20  1:53  Factory  
  20  1:57  SCV  
  21  2:02  Barracks Reactor  
  21  2:07  Bunker  
  21  2:10  SCV  
  22  2:16  Supply Depot  
  22  2:22  SCV  
  23  2:31  Refinery  
  23  2:37  SCV  
  23  2:39  Marine x2  
  26  2:45  Hellion  
  26  2:50  Starport  
  26  2:51  SCV  
  29  2:58  Orbital Command  
  29  3:06  Hellion  
  29  3:07  SCV  
  29  3:09  Marine  
  29  3:12  Marine  
  34  3:17  Supply Depot  
  34  3:19  SCV  
  35  3:24  SCV  
  36  3:30  Starport Tech Lab  
  36  3:31  SCV  
  36  3:32  Marine  
  38  3:36  SCV  
  38  3:41  Factory Tech Lab  
  39  3:42  Supply Depot  
  39  3:43  SCV  
  39  3:48  Marine, SCV  
  42  3:51  Raven  
  42  3:53  Marine  
  44  3:55  SCV  
  44  4:00  SCV  
  44  4:06  Marine  
  44  4:07  SCV  
  44  4:08  Siege Tank  
  45  4:10  Barracks  
  45  4:11  Marine  
  45  4:12  SCV  
  47  4:19  SCV  
  47  4:22  Barracks  
  47  4:23  Marine  
  49  4:25  SCV  
  49  4:28  Raven  
  49  4:29  Marine  
  53  4:32  Supply Depot, SCV  
  53  4:37  SCV  
  55  4:41  Siege Tank, Marine  
  55  4:44  SCV  
  60  4:47  Bunker, Marine  
  60  4:49  SCV  
  62  4:52  Supply Depot  
  62  4:56  SCV  
  62  4:59  Marine  
  65  5:01  SCV  
  65  5:02  Supply Depot  
  63  5:08  SCV  
  63  5:12  Refinery  
  63  5:14  SCV  
  65  5:15  Marine  
  65  5:18  Marine x2  
  65  5:20  SCV  
  66  5:21  Barracks Tech Lab  
  66  5:26  SCV  
  66  5:27  Refinery  
  66  5:28  Viking, Siege Tank  
  72  5:31  Supply Depot  
  72  5:33  Marine  
  73  5:38  Marine  
  73  5:42  SCV x2  
  75  5:46  Marine  
  75  5:49  Stimpack  
  75  5:54  Marauder, SCV x2, Marine  
  80  5:58  Marine  
  80  6:03  Refinery  
  80  6:05  Supply Depot x2  
  80  6:10  Engineering Bay  
  79  6:13  Marauder, SCV  
  79  6:15  Combat Shield  
  79  6:16  Marine, Marauder  
  85  6:20  Supply Depot  
  85  6:21  Starport Reactor, Factory Reactor  
  85  6:22  Marine  
  86  6:25  Supply Depot  
  86  6:35  Marauder  
  86  6:36  Marine  
  87  6:40  Marauder  
  87  6:41  Marine  
  88  6:56  Terran Infantry Weapons Level 1, Command Center, Marauder  
  88  6:57  Supply Depot  
  88  7:04  Medivac x2  
  88  7:05  Widow Mine  
  88  7:07  Marine, Widow Mine  
  95  7:08  Marine  
  95  7:11  Marauder  
  98  7:19  Marauder  
  100  7:23  Supply Depot  
  100  7:25  Marine  
  100  7:26  Marine  
  100  7:28  Widow Mine x2  
  106  7:32  Supply Depot  
  106  7:33  Supply Depot  
  106  7:34  Marauder, Concussive Shells  
  106  7:38  Medivac x2  
  106  7:40  Marauder  
  110  7:44  Marine  
  110  7:48  Marine  
  108  7:51  Supply Depot  
  108  7:55  Marauder  
  108  7:56  Widow Mine x2  
  114  8:01  Barracks  
  114  8:02  Barracks, Marauder  
  109  8:07  Marine x2  
  108  8:14  Supply Depot  
  108  8:16  Medivac x2  
  108  8:17  Marauder  
  108  8:18  Orbital Command  
  111  8:22  Widow Mine  
  111  8:23  Widow Mine  
  111  8:25  Marauder  
  115  8:27  Marine  
  111  8:36  Marine  
  111  8:38  Marauder  
  103  8:43  Widow Mine  
  103  8:45  Marine, SCV x2  
  103  8:46  Orbital Command, Medivac  
  103  8:47  Marauder  
  111  8:50  Barracks Tech Lab  
  111  8:51  Barracks Reactor  
  111  8:53  Widow Mine  
  111  8:54  Marine, Medivac  
  116  8:57  SCV x2  
  116  8:59  Marauder  
  119  9:03  Marine  
  119  9:08  Marine  
  119  9:09  Marauder, SCV  
  124  9:12  Marine  
  122  9:17  Widow Mine x2  
  122  9:21  SCV, Marauder  
  122  9:22  Marine  
  121  9:26  Marauder  
  121  9:27  Medivac  
  121  9:29  Marine x2  
  121  9:31  SCV, Marauder  
  125  9:33  Marine  
  123  9:39  Widow Mine x2  
  123  9:40  Marine  
  123  9:42  Marauder, SCV x2  
  130  9:47  Bunker, Marine  
  137  10:00  Ghost Academy  
  142  10:07  Refinery x2  
Tags
 
Add a new tag
Caveats
  • Supply blocks, unpowered buildings, or Contaminate may cause inaccurate times.
  • Supply counts are checked every 10 seconds.